 Dungeon Crawl Stone Soup version 0.28-a0-1152-g9c71ebef14 (webtiles) character file.

Game seed: 1078571302598757660

259 spaghetti the Skirmisher (level 5, -16/47 HPs)
             Began as a Mummy Delver on Dec 14, 2021.
             Demolished by Robin (17 damage)
             ... while paralysed by Grinder
             ... on level 2 of the Dungeon.
             The game lasted 00:04:47 (3356 turns).

spaghetti the Skirmisher (Mummy Delver)             Turns: 3356, Time: 00:04:47

Health: -16/47     AC:  5    Str: 18    XL:     5   Next: 95%
Magic:  5/5        EV:  2    Int:  9    God:
Gold:   98         SH:  0    Dex: 13    Spells: 4/4 levels left

rFire   x . .      SeeInvis .   m - +0 short sword (venom) {short}
rCold   + . .      Faith    .   (no shield)
rNeg    + + +      Spirit   .   b - +0 leather armour rPois โˆž Reflect +
                                (no helmet)
rElec   .          Harm     .   (no cloak)
rCorr   .          Rampage  .   i - +1 pair of gloves
Will    .....                   (no boots)
Stlth   ++........              k - amulet of reflection
HPRegen 0.15/turn               (no ring)
MPRegen 0.09/turn               (no ring)

@: paralysed
A: cold resistance 1, negative energy resistance 3, torment resistance 2, heat
vulnerability 1, no potions
a: no special abilities


You were on level 2 of the Dungeon.
You visited 1 branch of the dungeon, and saw 6 of its levels.

You collected 98 gold pieces.


Innate Abilities, Weirdness & Mutations

You are immune to poison.
Your flesh is cold resistant. (rC+)
You are immune to negative energy. (rN+++)
You are immune to unholy pain and torment.
You are vulnerable to heat. (rF-)
You do not drink.


   Skills:
 + Level 6.7 Fighting
 - Level 1.5 Long Blades
 - Level 1.5 Dodging
 - Level 4.1 Stealth


You had 4 spell levels left.
You didn't know any spells.
Your spell library contained the following spells:

 Spells                   Type           Power      Damage    Failure   Level
 Corpse Rot               Necr/Air       0%         N/A       58%         2
 Ensorcelled Hibernation  Hex/Ice        0%         N/A       58%         2
 Poisonous Vapours        Pois/Air       0%         N/A       58%         2
 Cause Fear               Hex            0%         N/A       99%         4
 Dispel Undead            Necr           0%         3d6       99%         4
 Death Channel            Necr           0%         N/A       100%        6
 Dragon's Call            Summ           0%         N/A       100%        9
 Spider Form              Tmut/Pois      Unusable   N/A       N/A         3
 Dragon Form              Tmut           Unusable   N/A       N/A         7

Inventory:

Hand Weapons
 a - a +0 falchion {long}
 m - a +0 short sword of venom (weapon) {short}
   (You took it off a kobold on level 1 of the Dungeon)
Missiles
 g - 63 stones (quivered) {throwing}
 n - 17 bolts
Armour
 b - a +0 leather armour (worn)
 i - a +1 pair of gloves (worn)
   (You found it on level 2 of the Dungeon)
 o - a +3 leather armour of poison resistance
   (You took it off Ijyb on level 2 of the Dungeon)
Jewellery
 e - a ring of fire
   (You found it on level 3 of the Dungeon)
 k - an amulet of reflection (around neck)
   (You found it on level 1 of the Dungeon)
 l - a ring of flight
   (You found it on level 1 of the Dungeon)
Wands
 f - a wand of digging (2)
 h - a wand of iceblast (4)
   (You found it on level 6 of the Dungeon)
Scrolls
 c - a scroll of fog
 d - a scroll of magic mapping {!r}
 j - 3 scrolls of identify {@r1}

Dungeon Overview and Level Annotations

Branches:
Dungeon (6/15)
 Temple: D:4-7

Altars:
Okawaru
Zin

Annotations:
D:2 Grinder, Robin
D:5 1 exclusion, Pikel, Sigmund

#.# ##...## ####.#
##'## ##.##.# #.#
#.....# #.#
##.##########.## ###
#.........##...###..
#...#####.#.....##.#
#...#####.##...###.#
#..@g..............#
#.g5#####.###.######
#..โ€ # #.# #)#
#รท>.#####.# #.#
##).......# #.#
########## #.#
#.###### #.......
#.#####.


You could see Grinder, Robin and a goblin (strong).


Message History

There is a stone staircase leading down here.
You see here a +0 club {mace}.
You climb downwards.
Level annotation: Grinder, Robin A hobgoblin comes into view.
Robin roars a battlecry!
The goblins go into a battle-frenzy!
An endoplasm comes into view.
The goblin shoots a stone.
The stone hits you.
There is a stone staircase leading up here. ๐Ÿ˜• HP[-1]
You take 1 damage, and now have 46/47 hp.
Unknown command.
Unknown command.
Aiming: Iceblast
Press: ? - help, Shift-Dir - straight line, f - Grinder
Aim: Grinder The mass of ice explodes!
The iceblast engulfs Grinder!
Grinder partially resists.
A goblin comes into view. It is wielding a +0 club.
The goblin shoots a stone.
The stone closely misses you. Robin throws the goblin at you!
A goblin comes into view. It is wielding a +0 club.
A hobgoblin comes into view.
Grinder gestures at you. You resist with some effort.
The goblin unwields a +0 hunting sling.
The goblin wields a +0 club.
The goblin hits you with a +0 club. ๐Ÿ˜• HP[-2]
You take 2 damage, and now have 44/47 hp.
Aiming: Iceblast
Press: ? - help, Shift-Dir - straight line, f/p - Grinder
Aim: Grinder (moderately wounded)
The mass of ice explodes!
The iceblast engulfs Grinder.
Grinder partially resists.
A goblin comes into view. It is wielding a +0 club.
A goblin comes into view. It is wielding a +2 dagger of venom.
You block the goblin's attack.
Aiming: Iceblast
Press: ? - help, Shift-Dir - straight line, f/p - Grinder
Aim: Grinder (heavily wounded)
The mass of ice explodes!
The iceblast engulfs Grinder!
Grinder partially resists.
Grinder drinks a potion.
Grinder is healed!
The goblin hits you with a +0 club. ๐Ÿ˜• HP[-5]
You take 5 damage, and now have 39/47 hp.
Unknown command.
Aiming: Iceblast
Press: ? - help, Shift-Dir - straight line, f/p - Grinder
Aim: Grinder (heavily wounded)
The mass of ice explodes!
The iceblast engulfs Grinder!
Grinder partially resists.
The goblin hits you but does no damage. Grinder hits you.
You block the goblin's attack. You block Robin's attack.
You climb upwards.
There is a stone staircase leading down here.
You see here a +0 club {mace}. ๐Ÿ˜ฎ HP[-6]
You take 6 damage, and now have 33/47 hp.
Unknown command.
You closely miss Grinder. Grinder hits you!
Robin points. "Kill!"
Robin closely misses you.
You block the goblin's attack. ๐Ÿ˜ฎ HP[-6]
You take 6 damage, and now have 27/47 hp.
You can't drink.
Okay, then.
Aiming: Iceblast
Press: ? - help, Shift-Dir - straight line, f - Grinder
Aim: Grinder (almost dead)
Okay, then.
Unknown command.
You block the goblin's attack. Grinder hits you.
* * * LOW HITPOINT WARNING * * *
๐Ÿ˜จ HP[-4]
You take 4 damage, and now have 23/47 hp.
Grinder gestures at you.
You suddenly lose the ability to move!
Robin throws the goblin at you! The goblin hits you but does no damage.
Grinder hits you.
* * * LOW HITPOINT WARNING * * *
Robin hits you with a +0 falchion of electrocution.
* * * LOW HITPOINT WARNING * * *
You are electrocuted!
* * * LOW HITPOINT WARNING * * *
The goblin hits you but does no damage. Grinder hits you but does no damage.
Robin hits you with a +0 falchion of electrocution.
* * * LOW HITPOINT WARNING * * *
The goblin barely misses you. Grinder hits you but does no damage.
Robin hits you with a +0 falchion of electrocution.
* * * LOW HITPOINT WARNING * * *
The goblin barely misses you. Grinder hits you.
* * * LOW HITPOINT WARNING * * *
Robin hits you with a +0 falchion of electrocution.
* * * LOW HITPOINT WARNING * * *
You are electrocuted!
You die...

Skill      XL: |  1  2  3  4  5 |
---------------+----------------+-----
Fighting       | 4 5 6 |  6.7
Long Blades    | |  1.5
Dodging        | |  1.5
Stealth        | |  4.1

Action                   |  1- 3 |  4- 6 || total
-------------------------+-------+-------++-------
Melee: Falchion          |     8 |   134 ||   142
       Short sword       |       |    28 ||    28
Throw: Stone             |       |     6 ||     6
Evoke: Wand              |     2 |    11 ||    13
  Use: Scroll            |       |     6 ||     6
 Stab: Sleeping          |       |     6 ||     6
Armor: Leather armour    |     3 |    82 ||    85
Dodge: Dodged            |     6 |   129 ||   135
Block: Other             |       |    16 ||    16
       Reflection        |       |     1 ||     1

Levels and vault maps discovered:
D:1:      lightli_arrival_chessboard, layout_basic,
          shapermc_ecumenical_altar_pompeii, minmay_misc_feat_diagonals
D:2:      layout_loops_corners
D:3:      layout_rooms, grunt_qazlal_clouds, jmf_multi_god_temple,
          okawaru_gym_becter, nicolae_overflow_crystal_walls, uniq_ijyb,
          uniq_grinder, uniq_robin
D:4:      layout_loops_ring, nicolae_gozag_zags_fifth_avenue
D:5:      layout_basic, uniq_pikel, uniq_sigmund
D:6:      layout_rooms, corexii_shack, minmay_misc_feat_columns

Notes
Turn   | Place    | Note
-------+----------+-------------------------------------------
     0 | D:5      | spaghetti the Mummy Delver began the quest for the Orb.
     0 | D:5      | Reached XP level 1. HP: 18/18 MP: 1/1
     0 | D:5      | magus.rc [v1.9.6]
     1 | D:6      | Noticed an ogre
     2 | D:6      | HP: 3/18 [ogre (15)]
    13 | D:5      | Noticed Pikel
    14 | D:5      | Noticed a lemure
    15 | D:5      | Noticed a lemure
   303 | D:6      | Noticed a scorpion
   338 | D:6      | Killed a scorpion
   339 | D:6      | Reached skill level 4 in Fighting
   339 | D:6      | Reached XP level 2. HP: 15/26 MP: 2/2
   339 | D:6      | Reached XP level 3. HP: 18/32 MP: 3/3
   339 | D:6      | Reached XP level 4. HP: 22/38 MP: 4/4
   563 | D:5      | Noticed Sigmund
   630 | D:4      | You pick up a book of Dreams and begin reading...
   633 | D:4      | Noticed a necrophage
   653 | D:3      | Found an iron altar of Okawaru.
   684 | D:3      | HP: 7/38 [necrophage (6)]
   685 | D:3      | HP: 2/38 [necrophage (5)]
   688 | D:3      | Killed a necrophage
   689 | D:3      | Reached skill level 5 in Fighting
   689 | D:3      | Reached XP level 5. HP: 3/46 MP: 5/5
  1100 | D:3      | Noticed Grinder
  1168 | D:2      | Reached skill level 6 in Fighting
  1584 | D:2      | You pick up a book of Decay and begin reading...
  1584 | D:2      | You add the spells Corpse Rot, Dispel Undead and Death
                  | Channel to your library.
  2352 | D:1      | You pick up a book of Vapours and begin reading...
  2413 | D:1      | Found a faded altar of an unknown god.
  2608 | D:1      | You pick up a book of the Dragon and begin reading...
  2608 | D:1      | You add the spells Cause Fear and Dragon's Call to your
                  | library.
  2849 | D:3      | Paralysed by Grinder for 5 turns
  2849 | D:3      | Noticed Ijyb
  3179 | D:3      | Noticed Robin
  3190 | D:2      | Killed Ijyb
  3351 | D:2      | Paralysed by Grinder for 7 turns
  3353 | D:2      | HP: 6/47 [Robin (9)]
  3356 | D:2      | HP: 2/47 [Grinder (2)]
  3356 | D:2      | Demolished by Robin

Vanquished Creatures
  A necrophage (D:3)
  A scorpion (D:6)
  Ijyb (D:2)
  3 adders
  A shadow imp (D:6)
  2 dart slugs
  5 ball pythons
  An endoplasm (D:1)
  2 giant cockroaches (D:2)
  5 goblins
  6 hobgoblins
  A quokka (D:1)
  10 bats
  6 frilled lizards
  5 kobolds
  2 rats (D:1)
52 creatures vanquished.

Vanquished Creatures (others)
  An endoplasm (D:3)
1 creature vanquished.

Grand Total: 53 creatures vanquished

Table legend:
 A = Non-vault XP
 B = Vault XP
 C = Vault XP percentage of total XP
 D = Non-vault monster count
 E = Vault monster count
 F = Vault count percentage of total count
                 A         B        C        D         E       F
            +---------+---------+-------+---------+---------+-------
      Total |     324 |      47 |  12.7 |      48 |       4 |   7.7
            +---------+---------+-------+---------+---------+-------
        D:1 |      30 |       0 |   0.0 |      18 |       0 |   0.0
        D:2 |      60 |      47 |  43.9 |      20 |       4 |  16.7
        D:3 |     136 |       0 |   0.0 |       8 |       0 |   0.0
        D:6 |      98 |       0 |   0.0 |       2 |       0 |   0.0
            +---------+---------+-------+---------+---------+-------

Illustrated notes

Table legend:
 A = Kills in this place as a percentage of kills in entire the game.
 B = Kills by you in this place as a percentage of kills by you in the entire game.
 C = Kills by friends in this place as a percentage of kills by friends in the entire game.
 D = Other kills in this place as a percentage of other kills in the entire game.
 E = Experience gained in this place as a percentage of experience gained in the entire game.
 F = Experience gained in this place divided by the number of levels of this place that you have seen.
                   A       B       C       D       E      F
               +-------+-------+-------+-------+-------+----------------------
         Total | 100.0 | 100.0 |   N/A |   N/A | 100.0 |  61.8
       Dungeon | 100.0 | 100.0 |   N/A |   N/A | 100.0 |  61.8
               +-------+-------+-------+-------+-------+----------------------

Table legend: (Time is in decaauts)
 A = Elapsed time spent in this place.
 B = Non-inter-level travel time spent in this place.
 C = Inter-level travel time spent in this place.
 D = Time resting spent in this place.
 E = Time spent auto-exploring this place.
 F = Levels seen in this place.
 G = Mean time per level.
                   A        B        C        D        E       F      G
               +--------+--------+--------+--------+--------+-----+--------+
         Total |   3397 |   3313 |     84 |    997 |   1747 |   6 |  566.2 |
       Dungeon |   3397 |   3313 |     84 |    997 |   1747 |   6 |  566.2 |
               +--------+--------+--------+--------+--------+-----+--------+

Top non-repeatable levels by time:
     D:2: 1434 daAuts
     D:1: 807 daAuts
     D:3: 497 daAuts
     D:6: 329 daAuts
     D:5: 279 daAuts
     D:4: 49 daAuts
